PAAA
JERSEY CITY TRITONS @ MILTON DOGFISH HEAD
07/04/2029
 
TOP OF THE 1ST
Jersey City Tritons batting - Pitching for Milton Dogfish Head : RHP Juan Lara
Pitching: RHP Juan Lara
Batting: RHB Colt Cabana 0-0: Called Strike
0-1: Ball
1-1: Foul Ball, location: 2F
1-2: Ball
2-2: Foul Ball, location: 2F
2-2: Ground out 6-3 (Groundball, 6)
Batting: RHB Shohei Kiyomizu 0-0: Called Strike
0-1: Ball
1-1: Foul Ball, location: 2F
1-2: Ball
2-2: Fly out, F3 (Popup, 3F)
Batting: LHB Chia-ch'ing Dodman 0-0: Called Strike
0-1: Called Strike
0-2: Ball
1-2: Strikes out looking
Top of the 1st over - 0 runs, 0 hits, 0 errors, 0 left on base; Jersey City 0 - Milton 0
BOTTOM OF THE 1ST
Milton Dogfish Head batting - Pitching for Jersey City Tritons : RHP Ben Logan
Pitching: RHP Ben Logan
Batting: LHB António Ramos 0-0: Ball
1-0: Swinging Strike
1-1: SOLO HOME RUN (Flyball, 7D), Distance : 396 ft
Batting: RHB Miguel Montoya 0-0: Called Strike
0-1: Ball
1-1: SINGLE (Groundball, 6MD)
Batting: RHB José Correa 0-0: Called Strike
0-1: Ball
1-1: Foul Ball, location: 2F
1-2: Strikes out looking
Batting: RHB Bryce Bancroft 0-0: Ball
1-0: Foul Ball, location: 2F
1-1: SINGLE (Groundball, 56D)
Miguel Montoya to second
Batting: LHB Edward Woodstock 0-0: Ball
1-0: Ball
2-0: Ball
3-0: Called Strike
3-1: Base on Balls
Miguel Montoya to third
Bryce Bancroft to second
Batting: RHB Bill Tan 0-0: Foul Ball, location: 2F
0-1: Called Strike
0-2: Ball
1-2: Strikes out swinging
Batting: RHB David Sánchez 0-0: Fly out, F8 (Flyball, 8LD)
Bottom of the 1st over - 1 run, 3 hits, 0 errors, 3 left on base; Jersey City 0 - Milton 1
TOP OF THE 2ND
Jersey City Tritons batting - Pitching for Milton Dogfish Head : RHP Juan Lara
Batting: RHB Zahid Kashani 0-0: Called Strike
0-1: Foul Ball, location: 2F
0-2: Ball
1-2: Ball
2-2: Strikes out swinging
Batting: RHB Dave Yates 0-0: Called Strike
0-1: Ball
1-1: Ball
2-1: Ball
3-1: Swinging Strike
3-2: Base on Balls
Batting: RHB Vincent Vega 0-0: Fly out, F7 (Flyball, 78S)
Batting: RHB Rudko Hrnjak 0-0: Fielders Choice at 2nd, 5-4 (Groundball, 56)
Top of the 2nd over - 0 runs, 0 hits, 0 errors, 1 left on base; Jersey City 0 - Milton 1
BOTTOM OF THE 2ND
Milton Dogfish Head batting - Pitching for Jersey City Tritons : RHP Ben Logan
Batting: LHB Luis Vicenteno 0-0: Ball
1-0: Called Strike
1-1: Called Strike
1-2: Foul Ball, location: 2F
1-2: Foul Ball, location: 2F
1-2: Strikes out swinging
Batting: SHB Javier Luna 0-0: Called Strike
0-1: Ball
1-1: Ball
2-1: Foul Ball, location: 2F
2-2: Ground out 4-3 (Groundball, 4M)
Batting: LHB António Ramos 0-0: Ball
1-0: Ball
2-0: Ball
3-0: Called Strike
3-1: Base on Balls
Batting: RHB Miguel Montoya 0-0: Swinging Strike
0-1: Ball
1-1: Called Strike
1-2: Strikes out swinging
Bottom of the 2nd over - 0 runs, 0 hits, 0 errors, 1 left on base; Jersey City 0 - Milton 1
TOP OF THE 3RD
Jersey City Tritons batting - Pitching for Milton Dogfish Head : RHP Juan Lara
Batting: RHB Juan Chávez 0-0: Ball
1-0: Swinging Strike
1-1: Swinging Strike
1-2: Ball
2-2: Strikes out swinging
Batting: SHB John Krog 0-0: Called Strike
0-1: Ball
1-1: Fly out, F9 (Flyball, 9LD)
Batting: RHB Colt Cabana 0-0: Ball
1-0: Called Strike
1-1: Ball
2-1: Swinging Strike
2-2: Ball
3-2: Ground out 6-3 (Groundball, 6)
Top of the 3rd over - 0 runs, 0 hits, 0 errors, 0 left on base; Jersey City 0 - Milton 1
BOTTOM OF THE 3RD
Milton Dogfish Head batting - Pitching for Jersey City Tritons : RHP Ben Logan
Batting: RHB José Correa 0-0: Ball
1-0: Ball
2-0: Ball
3-0: Called Strike
3-1: Base on Balls
Batting: RHB Bryce Bancroft 0-0: Ball
1-0: Ball
2-0: Fly out, F4 (Popup, 34D)
Batting: LHB Edward Woodstock 0-0: Called Strike
0-1: Ball
1-1: Ball
2-1: Foul Ball, location: 2F
2-2: Ball
3-2: Foul Ball, location: 2F
3-2: Fielders Choice at 2nd, 2-6 (Groundball, 2R)
Batting: RHB Bill Tan 0-0: Ball
1-0: Ball
Edward Woodstock is caught stealing 2nd base
Bottom of the 3rd over - 0 runs, 0 hits, 0 errors, 0 left on base; Jersey City 0 - Milton 1
TOP OF THE 4TH
Jersey City Tritons batting - Pitching for Milton Dogfish Head : RHP Juan Lara
Batting: RHB Shohei Kiyomizu 0-0: Called Strike
0-1: Ball
1-1: Swinging Strike
1-2: Strikes out swinging
Batting: LHB Chia-ch'ing Dodman 0-0: Ball
1-0: Swinging Strike
1-1: Foul Ball, location: 2F
1-2: Strikes out swinging
Batting: RHB Zahid Kashani 0-0: Ball
1-0: Called Strike
1-1: Called Strike
1-2: Ball
2-2: Foul Ball, location: 2F
2-2: Ground out 5-3 (Groundball, 25)
Top of the 4th over - 0 runs, 0 hits, 0 errors, 0 left on base; Jersey City 0 - Milton 1
BOTTOM OF THE 4TH
Milton Dogfish Head batting - Pitching for Jersey City Tritons : RHP Ben Logan
Batting: RHB Bill Tan 0-0: Called Strike
0-1: Ball
1-1: Ball
2-1: Swinging Strike
2-2: Strikes out swinging
Batting: RHB David Sánchez 0-0: Ball
1-0: Called Strike
1-1: Fly out, F3 (Popup, 3SF)
Batting: LHB Luis Vicenteno 0-0: Called Strike
0-1: Called Strike
0-2: Fly out, F4 (Popup, 34)
Bottom of the 4th over - 0 runs, 0 hits, 0 errors, 0 left on base; Jersey City 0 - Milton 1
TOP OF THE 5TH
Jersey City Tritons batting - Pitching for Milton Dogfish Head : RHP Juan Lara
Batting: RHB Dave Yates 0-0: Ball
1-0: Ball
2-0: Ball
3-0: Called Strike
3-1: Fly out, F8 (Flyball, 8RS)
Batting: RHB Vincent Vega 0-0: Called Strike
0-1: Ball
1-1: Called Strike
1-2: Ball
2-2: Foul Ball, location: 2F
2-2: Ball
3-2: Ground out 5-3 (Groundball, 56S)
Batting: RHB Rudko Hrnjak 0-0: Called Strike
0-1: Ball
1-1: Foul Ball, location: 2F
1-2: Ball
2-2: Foul Ball, location: 2F
2-2: Fly out, F4 (Popup, 34)
Top of the 5th over - 0 runs, 0 hits, 0 errors, 0 left on base; Jersey City 0 - Milton 1
BOTTOM OF THE 5TH
Milton Dogfish Head batting - Pitching for Jersey City Tritons : RHP Ben Logan
Batting: SHB Javier Luna 0-0: Ball
1-0: Ground out 4-3 (Groundball, 4)
Batting: LHB António Ramos 0-0: Foul Ball, location: 2F
0-1: Swinging Strike
0-2: Strikes out swinging
Batting: RHB Miguel Montoya 0-0: Swinging Strike
0-1: Ball
1-1: Ground out 6-3 (Groundball, 56)
Bottom of the 5th over - 0 runs, 0 hits, 0 errors, 0 left on base; Jersey City 0 - Milton 1
TOP OF THE 6TH
Jersey City Tritons batting - Pitching for Milton Dogfish Head : RHP Juan Lara
Batting: RHB Juan Chávez 0-0: Called Strike
0-1: Fly out, F9 (Flyball, 89D)
Batting: SHB John Krog 0-0: Called Strike
0-1: Ball
1-1: Ball
2-1: Ball
3-1: Base on Balls
Batting: RHB Colt Cabana 0-0: Ball
1-0: Grounds into double play, 6-4-3 (Groundball, 6D)
Top of the 6th over - 0 runs, 0 hits, 0 errors, 0 left on base; Jersey City 0 - Milton 1
BOTTOM OF THE 6TH
Milton Dogfish Head batting - Pitching for Jersey City Tritons : RHP Ben Logan
Batting: RHB José Correa 0-0: Swinging Strike
0-1: Ball
1-1: Foul Ball, location: 2F
1-2: Foul Ball, location: 2F
1-2: Foul Ball, location: 2F
1-2: Ball
2-2: Ball
3-2: Foul Ball, location: 2F
3-2: Strikes out swinging
Batting: RHB Bryce Bancroft 0-0: Ball
1-0: Swinging Strike
1-1: Foul Ball, location: 2F
1-2: Ball
2-2: Ground out 6-3 (Groundball, 6)
Batting: LHB Edward Woodstock 0-0: Called Strike
0-1: Foul Ball, location: 2F
0-2: Strikes out swinging
Bottom of the 6th over - 0 runs, 0 hits, 0 errors, 0 left on base; Jersey City 0 - Milton 1
TOP OF THE 7TH
Jersey City Tritons batting - Pitching for Milton Dogfish Head : RHP Juan Lara
Batting: RHB Shohei Kiyomizu 0-0: Called Strike
0-1: Ball
1-1: Called Strike
1-2: Ball
2-2: Foul Ball, location: 2F
2-2: Ball
3-2: Foul Ball, location: 2F
3-2: Base on Balls
Batting: LHB Chia-ch'ing Dodman 0-0: Ball
1-0: Foul Ball, location: 2F
1-1: Called Strike
1-2: Ball
2-2: Ball
3-2: Foul Ball, location: 2F
3-2: SINGLE (Groundball, 34D)
Shohei Kiyomizu to second
Runner from 2nd tries for 3rd, SAFE, throw made to third
Pitching: RHP Edgardo Marín
Pinch Hitting: SHB Ludovic Michel 0-0: Called Strike
0-1: Ball
1-1: Foul Ball, location: 2F
1-2: Ball
2-2: Foul Ball, location: 2F
2-2: Strikes out swinging
Batting: RHB Dave Yates 0-0: Ball
1-0: Foul Ball, location: 2F
1-1: Ball
2-1: Ball
3-1: Called Strike
3-2: 3-RUN HOME RUN (Flyball, 8RXD), Distance : 432 ft
Batting: RHB Vincent Vega 0-0: Ball
1-0: Foul Ball, location: 2F
1-1: Ball
2-1: Swinging Strike
2-2: Foul Ball, location: 2F
2-2: Ground out 5-3 (Groundball, 5S)
Batting: RHB Rudko Hrnjak 0-0: Ball
1-0: Called Strike
1-1: Ball
2-1: Foul Ball, location: 2F
2-2: Strikes out swinging
Top of the 7th over - 3 runs, 2 hits, 0 errors, 0 left on base; Jersey City 3 - Milton 1
BOTTOM OF THE 7TH
Milton Dogfish Head batting - Pitching for Jersey City Tritons : RHP Ben Logan
Now at 1B: Ludovic Michel
Batting: RHB Bill Tan 0-0: Ground out 4-3 (Groundball, 4)
Batting: RHB David Sánchez 0-0: Foul Ball, location: 2F
0-1: Ball
1-1: Ball
2-1: Foul Ball, location: 2F
2-2: Ground out 5-3 (Groundball, 56)
Batting: LHB Luis Vicenteno 0-0: Fly out, F3 (Line Drive, 3)
Bottom of the 7th over - 0 runs, 0 hits, 0 errors, 0 left on base; Jersey City 3 - Milton 1
TOP OF THE 8TH
Jersey City Tritons batting - Pitching for Milton Dogfish Head : RHP Edgardo Marín
Batting: RHB Juan Chávez 0-0: Called Strike
0-1: Swinging Strike
0-2: Ground out 5-3 (Groundball, 5)
Batting: SHB John Krog 0-0: Ball
1-0: Ball
2-0: Called Strike
2-1: Swinging Strike
2-2: Foul Ball, location: 2F
2-2: Foul Ball, location: 2F
2-2: Ball
3-2: Foul Ball, location: 2F
3-2: Foul Ball, location: 2F
3-2: Ground out 4-3 (Groundball, 4)
Batting: RHB Colt Cabana 0-0: Foul Ball, location: 2F
0-1: Ball
1-1: Ball
2-1: SINGLE (Groundball, 6D)
Pitching: RHP Francisco Barrios
Batting: RHB Shohei Kiyomizu 0-0: Ball
1-0: Called Strike
1-1: Ball
2-1: Swinging Strike
2-2: Foul Ball, location: 2F
2-2: SINGLE (Flyball, 89S)
Colt Cabana to second
Runner from 2nd tries for 3rd, SAFE, throw made to third
Batting: LHB Chia-ch'ing Dodman 0-0: Swinging Strike
0-1: Swinging Strike
0-2: Strikes out swinging
Top of the 8th over - 0 runs, 2 hits, 0 errors, 2 left on base; Jersey City 3 - Milton 1
BOTTOM OF THE 8TH
Milton Dogfish Head batting - Pitching for Jersey City Tritons : RHP Ben Logan
Pitching: LHP Chris Sommer
Now at C: Stephen Crouch
Now at SS: Gabriel Guerrero
Batting: SHB Javier Luna 0-0: Fly out, F8 (Flyball, 8RD)
Batting: LHB António Ramos 0-0: Called Strike
0-1: Foul Ball, location: 2F
0-2: Foul Ball, location: 2F
0-2: Ball
1-2: Ball
2-2: Ball
3-2: Fly out, F9 (Line Drive, 9)
Batting: RHB Miguel Montoya 0-0: Ball
1-0: Called Strike
1-1: Foul Ball, location: 2F
1-2: Ball
2-2: Ground out 1-3 (Groundball, 13)
Bottom of the 8th over - 0 runs, 0 hits, 0 errors, 0 left on base; Jersey City 3 - Milton 1
TOP OF THE 9TH
Jersey City Tritons batting - Pitching for Milton Dogfish Head : RHP Francisco Barrios
Batting: SHB Ludovic Michel 0-0: Ball
1-0: Called Strike
1-1: Foul Ball, location: 2F
1-2: Ball
2-2: Ground out 4-3 (Groundball, 34)
Batting: RHB Dave Yates 0-0: Ball
1-0: Ball
2-0: SINGLE (Line Drive, 8LS)
Batting: RHB Vincent Vega 0-0: Ball
1-0: Foul Ball, location: 2F
1-1: Ball
2-1: Swinging Strike
2-2: Strikes out looking
Batting: RHB Rudko Hrnjak 0-0: Hit by Pitch
Dave Yates to second
Batting: RHB Juan Chávez 0-0: Ball
1-0: Ball
2-0: Called Strike
2-1: Foul Ball, location: 2F
2-2: Ball
3-2: Foul Ball, location: 2F
3-2: Strikes out swinging
Top of the 9th over - 0 runs, 1 hit, 0 errors, 2 left on base; Jersey City 3 - Milton 1
BOTTOM OF THE 9TH
Milton Dogfish Head batting - Pitching for Jersey City Tritons : LHP Chris Sommer
Pitching: RHP Anthony Ledesma
Now at 3B: Vince Barrowcliff
Batting: RHB José Correa 0-0: Foul Ball, location: 2F
0-1: Foul Ball, location: 2F
0-2: Ball
1-2: Strikes out swinging
Batting: RHB Bryce Bancroft 0-0: Fly out, F8 (Flyball, 8LD)
Batting: LHB Edward Woodstock 0-0: Ball
1-0: Ball
2-0: Ball
3-0: Called Strike
3-1: Base on Balls
Pinch Hitting: RHB Paco Muńóz 0-0: Called Strike
0-1: Ball
1-1: Ball
2-1: Foul Ball, location: 2F
2-2: Foul Ball, location: 2F
2-2: Strikes out swinging
Bottom of the 9th over - 0 runs, 0 hits, 0 errors, 1 left on base; Jersey City 3 - Milton 1
Tuesday, December 19th, 2017 - OOTP Baseball 18.8 Build 76